 Dungeon Crawl Stone Soup version 0.15.2 (webtiles) character file.

79 magipi the Firebug (level 4, -5/24 HPs)
             Began as a Tengu Fire Elementalist on June 18, 2015.
             Killed from afar by Ijyb (12 damage)
             ... with a wand of draining
             ... on Level 3 of the Dungeon.
             The game lasted 00:10:05 (2462 turns).

magipi the Firebug (Tengu Fire Elementalist)        Turns: 2462, Time: 00:10:05

HP  -5/24        AC  2     Str  8      XL: 4   Next: 37%
MP   8/8         EV 13     Int 18      God:
Gold 91          SH  0     Dex 14      Spells:  2 memorised,  3 levels left

rFire  . . .     SeeInvis .     m - +2 short sword (speed)
rCold  . . .     Clarity  .     a - +0 robe
rNeg   . . .     rCorr    .     (no shield)
rPois  .         rRot     .     (helmet restricted)
rElec  .         Spirit   .     (no cloak)
SustAb .         Warding  .     (no gloves)
rMut   .         Stasis   .     (boots unavailable)
Gourm  .                        (no amulet)
MR     .....                    t - +2 ring of evasion
                                n - +1 ring of intelligence

@: heavily drained, not resistant to hostile enchantments, unstealthy
A: beak, talons 3
a: no special abilities


You were on level 3 of the Dungeon.
You were not hungry.

You visited 1 branch of the dungeon, and saw 3 of its levels.

You collected 91 gold pieces.

Inventory:

Hand weapons
 d - a +0 club
 g - a +3 mace
 m - a +2 short sword of speed (weapon)
Missiles
 p - 2 throwing nets (quivered)
Armour
 a - a +0 robe (worn)
Comestibles
 c - 2 bread rations
 l - a meat ration
 o - 2 fruits
 r - a rotting chunk of quokka flesh
 u - a chunk of adder flesh
Scrolls
 e - 2 scrolls of remove curse
 i - a scroll of fog {unknown}
 k - a scroll of teleportation {unknown}
 q - 2 scrolls of enchant weapon {unknown}
Jewellery
 n - a +1 ring of intelligence (left hand)
 t - a +2 ring of evasion (right hand)
Potions
 h - a potion of resistance
 j - 2 potions of heal wounds
Books
 b - a book of Flames

   Spells                             Type                      Level
   *Flame Tongue                      Conjuration/Fire             1
   Throw Flame                        Conjuration/Fire             2
   *Conjure Flame                     Conjuration/Fire             3
   Inner Flame                        Hexes/Fire                   3
   Sticky Flame                       Conjuration/Fire             4
   Fireball                           Conjuration/Fire             5


   Skills:
 - Level 2.1(0.8) Dodging
 - Level 2.0(0.6) Stealth
 - Level 2.0(0.6) Spellcasting
 + Level 3.6(2.3) Conjurations
 + Level 4.6(3.2) Fire Magic


You had 3 spell levels left.
You knew the following spells:

 Your Spells              Type           Power        Failure   Level  Hunger
a - Flame Tongue          Conj/Fire      ##...        10%         1    ##.....
b - Conjure Flame         Conj/Fire      ##......     24%         3    ####...


Dungeon Overview and Level Annotations

Branches:
Dungeon (3/15)

Altars:
Xom
Yredelemnul
The Shining One

Annotations:
D:3 Ijyb


Innate Abilities, Weirdness & Mutations

You have a beak for a mouth.
You have claws for feet.

Vault maps used:
D:1:      evilmike_arrival_crescent
D:2:      overflow_temple_1_default, lemuel_zombie_altar_yredelemnul
D:3:      lemuel_round_altar, gup_sewer_entry_pipe, nemelex_altar_shiori,
          uniq_iyjb


Message History

A gnoll zombie comes into view.
Unknown command.
Casting: Flame Tongue
Confirm with . or Enter, or press ? or * to list all spells.
Aiming: Conjure Flame
Press: ? - help, Dir - move target cursor The fire roars!
You hit the gnoll zombie.
The gnoll zombie is engulfed in roaring flames.
You destroy the gnoll zombie!
Unknown command.
You start resting.
Magic restored.
Found a basalt altar of Yredelemnul.
Unknown command.
What do you say? t - Shout!
Orders for allies: a - Attack new target. r - Retreat! s - Stop attacking. w - Wait here. f - Follow me.
Anything else - Stay silent.
You shout for attention!
Casting: Conjure Flame
Confirm with . or Enter, or press ? or * to list all spells.
Aiming: Conjure Flame
Press: ? - help, Dir - move target cursor The fire roars!
Casting: Conjure Flame
Confirm with . or Enter, or press ? or * to list all spells.
Aiming: Conjure Flame
Press: ? - help, Dir - move target cursor The fire roars!
You are feeling hungry.
The gnoll zombie is engulfed in roaring flames.
You destroy the gnoll zombie!
There is a stone staircase leading down here.
You smell something rotten. (slot r) Done exploring.
Eat a chunk of giant newt flesh? (ye/n/q/i?) This raw flesh tastes terrible.
You continue eating. x2
There is a stone staircase leading down here.
You climb downwards.
You hear the sound of rushing water.
There is an entrance to a sewer on this level.
Hurry and find it before the portal rusts away!
A giant newt comes into view.
Found a robe and 17 gold pieces.
Found a glowing golden altar of the Shining One.
Found a stone staircase leading down.
There is a stone staircase leading up here.
Casting: Conjure Flame
Confirm with . or Enter, or press ? or * to list all spells.
Aiming: Flame Tongue
Press: ? - help, Shift-Dir - straight line, f - giant newt
Aim: a giant newt (resting)
The flame tongue hits the giant newt.
You kill the giant newt!
Unknown command.
You found a teleport trap!
Found 13 stones.
You now have 91 gold pieces (gained 17).
You see here a robe.
There is a stone staircase leading up here.
There is a stone staircase leading up here.
You see here a robe.
There is a stone staircase leading up here.
Put on which piece of jewellery? (? for menu, Esc to quit)
You feel clever.
n - a +1 ring of intelligence (left hand) Put on which piece of jewellery? (? for menu, Esc to quit)
t - a +2 ring of evasion (right hand) Read which item? (? for menu, Esc to quit)
As you read the scroll labeled NIAF IGHAO, it crumbles to dust.
You feel blessed for a moment.
It was a scroll of remove curse.
Read which item? (? for menu, Esc to quit)
As you read the scroll labeled RIADEB NITEUR, it crumbles to dust.
It is a scroll of identify.
Identify which item? (\ to view known items) (? for menu, Esc to quit)
j - 2 potions of heal wounds Read which item? (? for menu, Esc to quit)
Identify which item? (\ to view known items) (? for menu, Esc to quit)
As you read the scroll of identify, it crumbles to dust.
h - a potion of resistance Wield which item (- for none, * to show all)? (? for menu, Esc to quit)
Your hands tingle!
m - a +2 short sword of speed (weapon)
Ijyb the Twisted Goblin comes into view.
He is wielding a club.
Ijyb shouts!
Ijyb zaps a wand.
The bolt of negative energy hits you!
You feel drained.
Ouch! That really hurt!
Unknown command.
Casting: Flame Tongue
Confirm with . or Enter, or press ? or * to list all spells.
You can't see any susceptible monsters within range! (Use Z to cast anyway.) Unknown command.
Ijyb zaps a wand.
The bolt of negative energy hits you!
You feel drained.
* * * LOW HITPOINT WARNING * * *
Ijyb zaps a wand.
The bolt of negative energy hits you!
You feel drained.
Ouch! That really hurt!
You die...

#.# #.# # #.# .##.
#.####.....
#..........
#.....##.##
#....##...##
#...##.....## ##
###<.@#.(.....#.
##.###[........_g....
#...^..##..#.......##
#....####>.##.....##
#...## #...##...##
#...# ##### #.##
#...# ... ##.## .# #.
.


You could see Ijyb.

Table legend:
 A = Kills in this place as a percentage of kills in entire the game.
 B = Kills by you in this place as a percentage of kills by you in the entire game.
 C = Kills by friends in this place as a percentage of kills by friends in the entire game.
 D = Other kills in this place as a percentage of other kills in the entire game.
 E = Experience gained in this place as a percentage of experience gained in the entire game.
 F = Experience gained in this place divided by the number of levels of this place that you have seen.
                   A       B       C       D       E      F
               +-------+-------+-------+-------+-------+----------------------
         Total | 100.0 | 100.0 |  -nan |  -nan | 100.0 |  37.7
       Dungeon | 100.0 | 100.0 |  -nan |  -nan | 100.0 |  37.7
               +-------+-------+-------+-------+-------+----------------------

Vanquished Creatures
  3 adders (D:2)
  A worm (D:2)
  2 oozes (D:2)
  3 giant cockroaches (D:2)
  2 hobgoblins (D:1)
  7 kobolds
  5 bats
  2 giant geckos (D:1)
  2 giant newts
  2 gnoll zombies (D:2)
  10 goblins
  A quokka (D:2)
  4 rats (D:1)
44 creatures vanquished.

Notes
Turn   | Place    | Note
--------------------------------------------------------------
     0 | D:1      | magipi, the Tengu Fire Elementalist, began the quest for the Orb.
     0 | D:1      | Reached XP level 1. HP: 10/10 MP: 3/3
   630 | D:1      | Reached XP level 2. HP: 15/15 MP: 1/5
  1231 | D:1      | Reached skill level 4 in Fire Magic
  1455 | D:2      | Reached XP level 3. HP: 19/19 MP: 4/7
  1460 | D:2      | Learned a level 3 spell: Conjure Flame
  1773 | D:2      | Found a shimmering altar of Xom.
  2008 | D:2      | Reached XP level 4. HP: 20/24 MP: 3/8
  2362 | D:2      | Found a basalt altar of Yredelemnul.
  2432 | D:3      | Found a glowing golden altar of the Shining One.
  2457 | D:3      | Noticed Ijyb
  2462 | D:3      | Killed from afar by Ijyb

Action                   |  1- 3 |  4- 6 || total
-------------------------+-------+-------++-------
Melee: Club              |     2 |       ||     2
       Mace              |    15 |     2 ||    17
 Cast: Flame Tongue      |    74 |     9 ||    83
       Conjure Flame     |       |     3 ||     3
  Use: Scroll            |       |     3 ||     3
 Stab: Sleeping          |     2 |     1 ||     3
  Eat: Chunk             |     3 |     2 ||     5
       Fruit             |       |     2 ||     2

Action                   |  1- 3 |  4- 6 || total
-------------------------+-------+-------++-------
Melee: Club              |     2 |       ||     2
       Mace              |    15 |     2 ||    17
 Cast: Flame Tongue      |    74 |     9 ||    83
       Conjure Flame     |       |     3 ||     3
  Use: Scroll            |       |     3 ||     3
 Stab: Sleeping          |     2 |     1 ||     3
  Eat: Chunk             |     3 |     2 ||     5
       Fruit             |       |     2 ||     2

Action                   |  1- 3 |  4- 6 || total
-------------------------+-------+-------++-------
Melee: Club              |     2 |       ||     2
       Mace              |    15 |     2 ||    17
 Cast: Flame Tongue      |    74 |     9 ||    83
       Conjure Flame     |       |     3 ||     3
  Use: Scroll            |       |     3 ||     3
 Stab: Sleeping          |     2 |     1 ||     3
  Eat: Chunk             |     3 |     2 ||     5
       Fruit             |       |     2 ||     2
